Map: Jagannatha LE

Players

Neeb - Winner!

  • Race: Protoss Protoss

Namshar

  • Race: Zerg Zerg
  • League: Master

Event: DreamHack SC2 Masters 2021 Summer

VOD

Have the link to the VOD?

Description

Time

  • Played on: May 25, 2021, 4:05 p.m.
  • Length: 11:38

All games in this series

Show
View Real Time Build Order
Export as new Build Order

Neeb Protoss - Winner!

Build Orders: 1 Gate Expand, Mass Adepts 

Get SALT Encoding   

  12  0:00  Probe  
  13  0:12  Probe  
  14  0:20  Pylon  
  14  0:24  Probe  
  15  0:38  Probe (Chrono Boost)  
  15  0:39  Gateway  
  16  0:47  Probe (Chrono Boost)  
  16  0:49  Assimilator  
  17  0:52  Probe (Chrono Boost)  
  18  1:04  Probe  
  19  1:16  Probe  
  20  1:25  Nexus  
  20  1:35  Cybernetics Core  
  20  1:38  Probe  
  21  1:48  Assimilator  
  21  1:50  Probe  
  21  1:53  Pylon  
  22  2:02  Probe (Chrono Boost)  
  23  2:08  Adept (Chrono Boost)  
  23  2:11  Warp Gate  
  23  2:13  Probe (Chrono Boost)  
  26  2:18  Probe (Chrono Boost)  
  27  2:28  Twilight Council  
  27  2:29  Probe  
  28  2:32  Adept  
  30  2:37  Probe  
  31  2:44  Probe  
  32  2:52  Robotics Facility  
  32  2:57  Gateway  
  32  3:06  Gateway  
  32  3:07  Gateway  
  32  3:11  Probe x2  
  32  3:12  Resonating Glaives (Chrono Boost)  
  34  3:24  Adept  
  34  3:25  Probe x2  
  38  3:36  Warp Prism (Chrono Boost)  
  38  3:38  Pylon  
  40  3:41  Probe  
  40  3:42  Probe  
  42  3:51  Pylon  
  42  4:00  Adept x2  
  42  4:01  Adept  
  42  4:02  Adept  
  50  4:04  Probe  
  50  4:05  Probe  
  52  4:18  Pylon  
  52  4:23  Adept x2  
  52  4:24  Adept x2  
  60  4:29  Probe x2  
  62  4:33  Pylon  
  60  4:48  Adept x4  
  60  4:52  Probe  
  59  5:06  Probe  
  54  5:07  Probe  
  54  5:09  Adept x4  
  54  5:12  Assimilator  
  55  5:15  Assimilator  
  55  5:17  Observer  
  56  5:22  Probe  
  58  5:28  Nexus  
  58  5:29  Pylon  
  58  5:31  Adept  
  58  5:34  Adept x2  
  63  5:35  Probe  
  63  5:37  Probe  
  63  5:42  Adept  
  67  5:48  Probe  
  67  5:49  Probe  
  69  5:53  Forge  
  69  6:00  Probe, Sentry  
  69  6:01  Adept  
  69  6:02  Probe  
  75  6:05  Sentry  
  77  6:12  Probe  
  77  6:14  Probe  
  77  6:15  Blink (Chrono Boost)  
  77  6:16  Shield Battery  
  79  6:20  Gateway  
  79  6:22  Gateway  
  79  6:24  Probe  
  80  6:25  Sentry x2  
  80  6:26  Probe  
  80  6:27  Phoenix  
  80  6:32  Protoss Ground Weapons Level 1 (Chrono Boost)  
  85  6:35  Pylon  
  85  6:36  Probe  
  86  6:42  Probe, Pylon  
  86  6:43  Probe  
  88  6:50  Pylon  
  88  6:51  Probe  
  88  6:54  Probe  
  90  6:55  Probe  
  91  7:03  Probe  
  91  7:06  Probe  
  93  7:08  Assimilator  
  93  7:10  Assimilator  
  93  7:12  Stalker x4  
  103  7:23  Shield Battery  
  103  7:26  Shield Battery  
  103  7:27  Probe  
  103  7:28  Shield Battery  
  103  7:29  Pylon  
  104  7:30  Stalker x2  
  104  7:31  Immortal (Chrono Boost)  
  110  7:38  Stalker x2  
  112  7:47  Adept  
  110  7:53  Adept  
  110  7:55  Stalker x2  
  88  8:03  Stalker x2  
  84  8:13  Stalker x2  
  84  8:16  Photon Cannon  
  84  8:18  Photon Cannon, Shield Battery  
  88  8:20  Shield Battery  
  88  8:21  Shield Battery  
  88  8:24  Stalker  
  88  8:26  Stalker  
  88  8:27  Zealot, Stalker  
  94  8:30  Immortal  
  92  8:36  Shield Battery  
  92  8:37  Shield Battery, Adept  
  88  8:44  Stalker  
  88  8:47  Probe  
  81  8:50  Stalker x2  
  81  8:51  Stalker x2  
  79  8:56  Probe  
  79  8:59  Probe  
  75  9:04  Stalker  
  75  9:08  Stalker  
  73  9:11  Probe  
  73  9:14  Stalker x3  
  80  9:19  Warp Prism (Chrono Boost)  
  80  9:21  Probe  
  80  9:23  Probe  
  84  9:24  Protoss Ground Weapons Level 2 (Chrono Boost)  
  84  9:26  Adept  
  86  9:40  Probe x3  
  86  9:44  Assimilator  
  89  9:48  Adept  
  89  9:49  Adept  
  89  9:50  Adept  
  95  9:54  Adept  
  95  9:55  Adept  
  99  10:01  Sentry  
  99  10:04  Probe x3  
  101  10:07  Pylon  
  101  10:09  Adept  
  102  10:26  Stalker x5  
  112  10:29  Probe  
  112  10:32  Photon Cannon  
  112  10:34  Sentry  
  115  10:42  Gateway  
  115  10:44  Gateway, Pylon  
  115  10:49  Sentry  
  117  10:50  Stalker x2, Sentry  
  117  10:54  Stalker  
  125  11:05  Pylon  
  125  11:07  Pylon  
  125  11:09  Photon Cannon  
  125  11:17  Stalker x4  
  133  11:25  Stalker x2  
Show
View Real Time Build Order
Export as new Build Order

Namshar Zerg 

Build Orders: Pool First 

Get SALT Encoding   

  12  0:00  Drone  
  13  0:12  Overlord  
  13  0:17  Drone  
  14  0:30  Drone x2  
  16  0:40  Spawning Pool  
  15  0:45  Drone  
  15  0:47  Drone  
  17  1:09  Hatchery  
  16  1:11  Extractor  
  16  1:14  Drone  
  16  1:17  Drone  
  17  1:21  Drone  
  18  1:27  Zergling x2  
  19  1:35  Queen  
  21  1:42  Overlord  
  21  1:49  Drone  
  22  2:01  Drone  
  23  2:11  Queen  
  23  2:15  Drone  
  26  2:18  Metabolic Boost  
  26  2:20  Drone  
  26  2:21  Drone  
  28  2:32  Drone  
  28  2:33  Drone  
  29  2:46  Drone x4  
  29  2:48  Overlord  
  33  2:54  Hatchery  
  32  2:58  Zergling x4  
  32  3:05  Queen  
  34  3:09  Zergling x2  
  34  3:10  Zergling x2  
  38  3:18  Drone x4  
  42  3:21  Drone x2  
  44  3:38  Overlord  
  44  3:39  Roach Warren, Overlord  
  43  3:42  Drone  
  43  3:43  Extractor, Drone  
  44  3:55  Overlord x2  
  44  3:58  Queen  
  44  3:59  Drone x3  
  49  4:04  Drone  
  49  4:19  Roach x8  
  65  4:28  Roach x2  
  69  4:32  Zergling x4  
  69  4:33  Zergling x4  
  73  4:40  Zergling x6  
  71  4:51  Zergling x6  
  70  4:59  Drone  
  61  5:00  Drone x2  
  57  5:08  Drone  
  54  5:16  Queen x2  
  54  5:20  Drone  
  54  5:21  Drone x2  
  61  5:29  Roach x2  
  61  5:33  Queen  
  61  5:35  Drone  
  68  5:43  Drone  
  68  5:44  Drone  
  70  5:50  Roach  
  70  5:51  Roach x2  
  70  5:56  Queen  
  77  5:59  Ravager x2  
  77  6:00  Zergling x2, Roach  
  77  6:03  Overlord x2  
  82  6:23  Zergling x12  
  82  6:36  Zergling x18  
  91  6:49  Zergling x2  
  91  6:50  Zergling x6  
  95  6:54  Ravager  
  95  6:55  Ravager, Overlord  
  96  7:15  Zergling x18  
  105  7:18  Overlord x3  
  105  7:27  Evolution Chamber  
  104  7:36  Overlord  
  104  7:38  Ravager x2  
  104  7:43  Zergling x12  
  99  7:52  Zergling x12  
  89  8:01  Ravager, Zergling x14  
  90  8:11  Zergling x6  
  90  8:12  Queen  
  90  8:16  Ravager  
  90  8:17  Ravager  
  90  8:19  Zergling x8  
  93  8:29  Zergling x4, Roach  
  91  8:35  Ravager, Zergling x4  
  88  8:43  Zergling x14  
  77  8:58  Zergling x8  
  72  9:03  Zergling x2  
  66  9:16  Zerg Missile Weapons Level 1  
  61  9:17  Lair  
  61  9:20  Drone x5  
  58  9:30  Roach x2  
  58  9:31  Roach  
  62  9:34  Hatchery  
  61  9:39  Extractor, Zergling x10, Roach  
  61  9:45  Roach  
  64  9:54  Roach x2  
  64  9:55  Zergling x14  
  70  10:07  Drone x4  
  74  10:17  Drone x5  
  74  10:20  Hatchery  
  78  10:22  Drone x6  
  84  10:31  Drone x3  
  87  10:37  Queen  
  87  10:41  Overseer  
  89  10:44  Overlord  
  89  10:48  Extractor, Drone  
  89  10:50  Drone x3, Extractor  
  89  10:53  Drone  
  89  10:55  Roach x4  
  100  10:59  Ravager x2  
  100  11:01  Roach x2  
  106  11:07  Roach x2  
  110  11:11  Extractor  
  110  11:18  Roach x5  
Tags
 
Add a new tag
Caveats
  • Supply blocks, unpowered buildings, or Contaminate may cause inaccurate times.
  • Supply counts are checked every 10 seconds.